General information
- name: BNet
- type: Ladder team game (AT/RT)
- host: Battle.net
- saver: Socrates
map: FullScaleAssault
- players: 8
- length: 42:48
- speed: Fast
- version: 1.26 W3XP
- replay type: Public
» download(260 KB)
Players
team 1 (loser)
duracuire (
yellow | 45 APM | 1223 actions | 27:28)
5 Blademaster
1 Wind Walk
3 Critical Strike
1 Mirror Image
5 Shadow Hunter
2 Healing Wave
1 Hex
2 Serpent Ward
3 Tauren Chieftain
2 Endurance Aura
1 War Stomp
1 Paladin
1 Divine Shield
» actions
| Build / train | 109 | |
| Enter build submenu | 35 | |
| Enter hero's abilities submenu | 14 | |
| Give item / drop item | 8 | |
| Right click | 486 | |
| Select / deselect | 465 | |
| Use ability | 106 | |
1223 total
» units
| Peon | 20 | |
| Wind Rider | 13 | |
| Shaman | 8 | |
| Troll Batrider | 6 | |
| Troll Witch Doctor | 3 | |
| Raider | 12 | |
62 total
» upgrades
| Shaman Training | 3 | |
| Ranged Weapons | 3 | |
| Envenomed Spears | 1 | |
| Witch Doctor Training | 2 | |
| Ensnare | 2 | |
| Spiked Barricades | 1 | |
12 total
» buildings
| Orc Burrow | 10 | |
| Altar of Storms | 2 | |
| Voodoo Lounge | 1 | |
| Stronghold | 1 | |
| War Mill | 1 | |
| Beastiary | 1 | |
| Spirit Lodge | 1 | |
| Fortress | 1 | |
| Great Hall | 3 | |
| Watch Tower | 16 | |
37 total
» build order
00:08 Orc Burrow
00:17 Altar of Storms
00:50 Voodoo Lounge
02:09 Stronghold
02:15 War Mill
03:05 Orc Burrow
04:34 Beastiary
04:38 Spirit Lodge
05:39 Orc Burrow
06:16 Fortress
07:50 Great Hall
09:12 Orc Burrow
11:18 Watch Tower
12:49 Watch Tower
13:12 Watch Tower
13:56 Watch Tower
14:17 Orc Burrow
14:22 Watch Tower
15:03 Watch Tower
15:30 Watch Tower
16:11 Watch Tower
16:45 Watch Tower
18:17 Watch Tower
18:34 Watch Tower
20:21 Watch Tower
21:52 Orc Burrow
23:03 Watch Tower
23:08 Watch Tower
23:13 Great Hall
23:24 Orc Burrow
24:10 Watch Tower
24:15 Great Hall
24:30 Altar of Storms
24:51 Orc Burrow
25:14 Orc Burrow
25:21 Orc Burrow
25:27 Watch Tower
» items
| Healing Salve | 3 | |
| Lesser Clarity Potion | 4 | |
| Scroll of Speed | 1 | |
| Potion of Healing | 1 | |
| Orb of Lightning | 2 | |
| Scroll of Town Portal | 1 | |
12 total
CAPTAINCORNHOLE (
pink | 35 APM | 707 actions | 20:04)
3 Archmage
1 Blizzard
2 Brilliance Aura
3 Paladin
1 Holy Light
1 Divine Shield
1 Devotion Aura
1 Mountain King
1 Bash
» actions
| Assign group hotkey | 10 | |
| Basic commands | 4 | |
| Build / train | 85 | |
| Enter build submenu | 47 | |
| Enter hero's abilities submenu | 7 | |
| Give item / drop item | 1 | |
| Right click | 145 | |
| Select / deselect | 233 | |
| Select group hotkey | 111 | |
| Use ability | 64 | |
707 total
» units
| Peasant | 18 | |
| Footman | 5 | |
| Goblin Zeppelin | 1 | |
| Goblin Shredder | 1 | |
| Gryphon Rider | 12 | |
37 total
» upgrades
| Masonry | 3 | |
| Lumber Harvesting | 2 | |
| Swords | 2 | |
| Armor | 2 | |
| Animal War Training | 1 | |
| Storm Hammers | 1 | |
11 total
» buildings
| Farm | 11 | |
| Altar of Kings | 1 | |
| Barracks | 1 | |
| Arcane Vault | 3 | |
| Lumber Mill | 2 | |
| Blacksmith | 3 | |
| Town Hall | 2 | |
| Keep | 1 | |
| Scout Tower | 19 | |
| Guard Tower | 13 | |
| Arcane Tower | 2 | |
| Castle | 1 | |
| Gryphon Aviary | 3 | |
62 total
» build order
00:26 Farm
00:41 Altar of Kings
00:54 Farm
01:06 Barracks
01:51 Farm
02:17 Farm
02:33 Arcane Vault
02:46 Lumber Mill
02:58 Farm
03:35 Blacksmith
05:10 Town Hall
05:14 Keep
05:26 Scout Tower
05:33 Scout Tower
05:39 Scout Tower
05:45 Scout Tower
05:57 Guard Tower
06:04 Guard Tower
06:09 Scout Tower
06:12 Guard Tower
06:18 Arcane Vault
06:22 Guard Tower
06:42 Arcane Tower
08:53 Castle
09:03 Gryphon Aviary
09:11 Gryphon Aviary
09:54 Farm
10:47 Town Hall
10:52 Arcane Vault
10:55 Scout Tower
10:58 Scout Tower
11:01 Scout Tower
11:15 Gryphon Aviary
11:30 Lumber Mill
11:35 Blacksmith
11:46 Scout Tower
11:52 Scout Tower
11:55 Arcane Tower
11:57 Guard Tower
11:58 Guard Tower
12:15 Blacksmith
13:22 Scout Tower
13:25 Guard Tower
14:08 Farm
14:12 Farm
14:19 Guard Tower
14:53 Scout Tower
14:59 Farm
15:02 Farm
15:39 Farm
16:13 Scout Tower
16:23 Scout Tower
16:30 Scout Tower
16:34 Scout Tower
16:38 Scout Tower
16:48 Guard Tower
16:54 Guard Tower
17:00 Guard Tower
17:18 Guard Tower
17:25 Scout Tower
17:34 Scout Tower
19:12 Guard Tower
» items
| Scroll of Regeneration | 1 | |
| Orb of Fire | 3 | |
| Boots of Speed | 2 | |
| Potion of Lesser Invulnerability | 1 | |
| Scroll of Speed | 1 | |
| Potion of Healing | 1 | |
9 total

»
naxho.m (
purple | 34 APM | 639 actions | 18:56)
2 Blademaster
1 Wind Walk
1 Critical Strike
1 Naga Sea Witch
1 Frost Arrows
1 Dark Ranger
1 Black Arrow
» actions
| Build / train | 49 | |
| Enter build submenu | 13 | |
| Enter hero's abilities submenu | 4 | |
| Give item / drop item | 1 | |
| Remove unit from queue | 8 | |
| Right click | 335 | |
| Select / deselect | 199 | |
| Use ability | 30 | |
639 total
» units
» upgrades
| Armor | 3 | |
| Ranged Weapons | 3 | |
| Melee Weapons | 2 | |
| Spiked Barricades | 0 | |
| Liquid Fire | 1 | |
| Shaman Training | 1 | |
10 total
» buildings
| Altar of Storms | 1 | |
| Orc Burrow | 6 | |
| Voodoo Lounge | 1 | |
| War Mill | 1 | |
| Stronghold | 1 | |
| Fortress | 1 | |
| Beastiary | 2 | |
| Spirit Lodge | 1 | |
14 total
» build order
00:09 Altar of Storms
00:14 Orc Burrow
00:36 Voodoo Lounge
01:45 War Mill
02:35 Stronghold
05:27 Fortress
05:53 Beastiary
06:20 Beastiary
08:13 Orc Burrow
08:15 Orc Burrow
08:19 Orc Burrow
08:21 Orc Burrow
12:05 Orc Burrow
12:31 Spirit Lodge
» items
| Healing Salve | 1 | |
| Lesser Clarity Potion | 2 | |
| Scroll of Speed | 1 | |
| Potion of Healing | 1 | |
| Potion of Mana | 1 | |
| Orb of Lightning | 1 | |
7 total
COLTS-DRAFT-RG3 (
teal | 64 APM | 2726 actions | 42:47)
7 Dark Ranger
3 Black Arrow
3 Silence
1 Charm
1 Mountain King
1 Storm Bolt
» actions
| Assign group hotkey | 55 | |
| Basic commands | 1 | |
| Build / train | 125 | |
| Enter build submenu | 27 | |
| Enter hero's abilities submenu | 8 | |
| Give item / drop item | 8 | |
| Right click | 1140 | |
| Select / deselect | 393 | |
| Select group hotkey | 773 | |
| Use ability | 196 | |
2726 total
» units
| Acolyte | 17 | |
| Ghoul | 2 | |
| Crypt Fiend | 5 | |
| Goblin Shredder | 3 | |
| Goblin Zeppelin | 4 | |
| Gryphon Rider | 10 | |
| Frost Wyrm | 3 | |
| Shaman | 3 | |
| Peon | 4 | |
| Dragonhawk Rider | 8 | |
| Troll Batrider | 6 | |
65 total
» upgrades
| Creature Attack | 3 | |
| Creature Carapace | 3 | |
| Web | 1 | |
| Burrow | 1 | |
| Freezing Breath | 1 | |
| Swords | 1 | |
| Armor | 1 | |
11 total
» buildings
| Graveyard | 1 | |
| Crypt | 2 | |
| Altar of Darkness | 1 | |
| Ziggurat | 67 | |
| Tomb of Relics | 1 | |
| Nerubian Tower | 1 | |
| Necropolis | 3 | |
| Halls of the Dead | 1 | |
| Spirit Tower | 19 | |
| Black Citadel | 1 | |
| Sacrificial Pit | 1 | |
| Boneyard | 5 | |
| Beastiary | 3 | |
106 total
» build order
00:09 Graveyard
00:13 Crypt
00:45 Altar of Darkness
00:58 Ziggurat
01:48 Tomb of Relics
02:01 Ziggurat
02:43 Nerubian Tower
04:37 Ziggurat
04:59 Necropolis
06:04 Ziggurat
06:05 Ziggurat
06:07 Ziggurat
06:24 Halls of the Dead
07:11 Spirit Tower
07:14 Ziggurat
07:14 Ziggurat
07:15 Ziggurat
07:16 Ziggurat
07:17 Ziggurat
07:17 Ziggurat
08:29 Spirit Tower
09:29 Black Citadel
09:30 Sacrificial Pit
10:10 Necropolis
10:36 Crypt
10:40 Spirit Tower
11:54 Ziggurat
11:54 Ziggurat
11:55 Ziggurat
11:56 Ziggurat
11:56 Ziggurat
11:57 Ziggurat
12:00 Ziggurat
12:02 Ziggurat
12:03 Ziggurat
12:19 Boneyard
12:21 Boneyard
12:55 Spirit Tower
12:57 Spirit Tower
13:08 Spirit Tower
13:08 Spirit Tower
13:19 Spirit Tower
13:19 Spirit Tower
14:14 Necropolis
15:14 Spirit Tower
15:25 Boneyard
15:47 Ziggurat
15:47 Ziggurat
15:47 Ziggurat
15:48 Ziggurat
15:50 Ziggurat
15:52 Ziggurat
15:54 Ziggurat
15:56 Ziggurat
16:06 Spirit Tower
16:46 Spirit Tower
16:47 Spirit Tower
16:58 Spirit Tower
17:14 Spirit Tower
17:16 Ziggurat
17:16 Ziggurat
17:17 Ziggurat
17:18 Ziggurat
18:14 Ziggurat
18:15 Ziggurat
18:15 Ziggurat
18:16 Ziggurat
18:16 Ziggurat
18:17 Ziggurat
18:18 Ziggurat
18:19 Ziggurat
18:19 Ziggurat
19:44 Spirit Tower
27:29 Boneyard
27:30 Boneyard
27:45 Ziggurat
27:46 Ziggurat
27:46 Ziggurat
27:47 Ziggurat
27:47 Ziggurat
27:48 Ziggurat
27:48 Ziggurat
28:17 Ziggurat
28:17 Ziggurat
28:18 Ziggurat
28:18 Ziggurat
28:19 Ziggurat
28:19 Ziggurat
28:20 Ziggurat
28:21 Ziggurat
28:21 Ziggurat
28:22 Ziggurat
28:22 Ziggurat
28:23 Ziggurat
28:23 Ziggurat
28:24 Ziggurat
28:25 Ziggurat
28:27 Ziggurat
28:27 Ziggurat
28:28 Ziggurat
28:52 Spirit Tower
28:53 Spirit Tower
31:15 Beastiary
31:16 Beastiary
31:16 Beastiary
» items
| Rod of Necromancy | 2 | |
| Scroll of Regeneration | 2 | |
| Staff of Teleportation | 1 | |
| Potion of Healing | 5 | |
| Scroll of Town Portal | 5 | |
| Orb of Corruption | 1 | |
16 total
team 2 (winner)

»
dontcar9 (
green | 36 APM | 1558 actions | 42:47)
9 Death Knight
3 Death Coil
3 Unholy Aura
1 Animate Dead
2 Death Pact
» actions
| Assign group hotkey | 82 | |
| Basic commands | 97 | |
| Build / train | 69 | |
| ESC pressed | 1 | |
| Enter build submenu | 20 | |
| Enter hero's abilities submenu | 9 | |
| Give item / drop item | 2 | |
| Right click | 654 | |
| Select / deselect | 354 | |
| Select group hotkey | 223 | |
| Use ability | 47 | |
1558 total
» units
| Acolyte | 7 | |
| Ghoul | 9 | |
| Frost Wyrm | 13 | |
| Blue Dragon | 1 | |
| Blue Drake | 2 | |
| Blue Dragon Whelp | 1 | |
33 total
» upgrades
| Freezing Breath | 1 | |
| Creature Attack | 3 | |
| Creature Carapace | 3 | |
7 total
» buildings
| Altar of Darkness | 1 | |
| Ziggurat | 10 | |
| Crypt | 1 | |
| Nerubian Tower | 1 | |
| Graveyard | 1 | |
| Tomb of Relics | 1 | |
| Halls of the Dead | 1 | |
| Black Citadel | 1 | |
| Sacrificial Pit | 1 | |
| Boneyard | 3 | |
| Spirit Tower | 6 | |
27 total
» build order
00:11 Altar of Darkness
00:14 Ziggurat
00:33 Crypt
01:09 Nerubian Tower
01:14 Ziggurat
01:59 Graveyard
02:16 Tomb of Relics
03:03 Halls of the Dead
03:44 Ziggurat
05:30 Black Citadel
05:35 Sacrificial Pit
07:54 Boneyard
07:57 Boneyard
08:00 Boneyard
08:04 Ziggurat
08:07 Ziggurat
08:09 Ziggurat
08:47 Ziggurat
08:49 Ziggurat
08:51 Ziggurat
08:59 Ziggurat
09:54 Spirit Tower
09:54 Spirit Tower
09:55 Spirit Tower
09:55 Spirit Tower
10:28 Spirit Tower
10:28 Spirit Tower
» items
| Dust of Appearance | 1 | |
| Potion of Healing | 3 | |
| Orb of Corruption | 1 | |
| Scroll of Town Portal | 3 | |
| Potion of Lesser Invulnerability | 1 | |
9 total
1.1.6. (
red | 56 APM | 2221 actions | 39:22)
8 Blademaster
3 Wind Walk
3 Critical Strike
1 Bladestorm
1 Mirror Image
6 Tauren Chieftain
3 Endurance Aura
2 Shockwave
1 Reincarnation
» actions
| Assign group hotkey | 41 | |
| Basic commands | 133 | |
| Build / train | 106 | |
| ESC pressed | 1 | |
| Enter build submenu | 29 | |
| Enter hero's abilities submenu | 14 | |
| Give item / drop item | 5 | |
| Right click | 657 | |
| Select / deselect | 594 | |
| Select group hotkey | 503 | |
| Use ability | 138 | |
2221 total
» units
| Peon | 11 | |
| Grunt | 5 | |
| Goblin Shredder | 1 | |
| Goblin Zeppelin | 1 | |
| Tauren | 6 | |
| Troll Batrider | 37 | |
| Troll Witch Doctor | 6 | |
67 total
» upgrades
| Melee Weapons | 3 | |
| Armor | 3 | |
| Spiked Barricades | 1 | |
| Witch Doctor Training | 2 | |
| Pulverize | 1 | |
| Liquid Fire | 1 | |
11 total
» buildings
| Altar of Storms | 2 | |
| Orc Burrow | 8 | |
| Barracks | 1 | |
| War Mill | 1 | |
| Stronghold | 1 | |
| Watch Tower | 1 | |
| Voodoo Lounge | 1 | |
| Fortress | 1 | |
| Spirit Lodge | 2 | |
| Tauren Totem | 3 | |
| Great Hall | 1 | |
| Beastiary | 2 | |
24 total
» build order
00:03 Altar of Storms
00:04 Orc Burrow
00:31 Barracks
01:32 Orc Burrow
02:02 Orc Burrow
02:59 War Mill
04:14 Stronghold
04:27 Watch Tower
05:10 Orc Burrow
05:46 Voodoo Lounge
08:04 Fortress
09:47 Spirit Lodge
09:49 Spirit Lodge
10:35 Tauren Totem
10:36 Tauren Totem
11:35 Great Hall
11:56 Tauren Totem
11:59 Beastiary
12:15 Orc Burrow
12:51 Orc Burrow
16:34 Orc Burrow
16:36 Orc Burrow
19:50 Beastiary
20:36 Altar of Storms
» items
| Healing Salve | 1 | |
| Orb of Lightning | 2 | |
| Potion of Healing | 3 | |
| Potion of Mana | 2 | |
| Scroll of Speed | 1 | |
| Dust of Appearance | 1 | |
10 total
Socrates (
orange | 66 APM | 2811 actions | 42:48)
7 Death Knight
3 Death Coil
3 Unholy Aura
1 Animate Dead
» actions
| Assign group hotkey | 31 | |
| Basic commands | 216 | |
| Build / train | 107 | |
| Enter build submenu | 29 | |
| Enter hero's abilities submenu | 7 | |
| Give item / drop item | 4 | |
| Remove unit from queue | 2 | |
| Right click | 996 | |
| Select / deselect | 504 | |
| Select group hotkey | 775 | |
| Use ability | 140 | |
2811 total
» units
| Acolyte | 12 | |
| Ghoul | 8 | |
| Crypt Fiend | 10 | |
| Goblin Zeppelin | 1 | |
| Gargoyle | 17 | |
| Blue Dragon | 6 | |
54 total
» upgrades
| Creature Attack | 3 | |
| Web | 1 | |
| Creature Carapace | 3 | |
| Burrow | 1 | |
| Stone Form | 1 | |
| Ghoul Frenzy | 1 | |
| Unholy Strength | 1 | |
| Unholy Armor | 1 | |
| Backpack | 1 | |
| Cannibalize | 1 | |
| Destroyer Form | 1 | |
| Disease Cloud | 1 | |
| Exhume Corpses | 1 | |
17 total
» buildings
| Altar of Darkness | 1 | |
| Ziggurat | 15 | |
| Crypt | 3 | |
| Graveyard | 1 | |
| Tomb of Relics | 1 | |
| Nerubian Tower | 1 | |
| Spirit Tower | 9 | |
| Halls of the Dead | 5 | |
| Necropolis | 2 | |
| Black Citadel | 1 | |
| Slaughterhouse | 2 | |
| Sacrificial Pit | 1 | |
42 total
» build order
00:07 Altar of Darkness
00:08 Ziggurat
00:33 Crypt
00:58 Graveyard
01:12 Tomb of Relics
01:25 Nerubian Tower
01:51 Ziggurat
02:44 Spirit Tower
02:59 Ziggurat
04:12 Halls of the Dead
04:12 Halls of the Dead
04:12 Halls of the Dead
06:49 Crypt
07:21 Necropolis
08:29 Ziggurat
08:32 Ziggurat
08:36 Ziggurat
09:38 Black Citadel
10:01 Spirit Tower
10:37 Necropolis
11:48 Spirit Tower
12:01 Crypt
12:28 Ziggurat
12:31 Ziggurat
12:33 Ziggurat
12:34 Ziggurat
14:11 Spirit Tower
17:17 Ziggurat
17:20 Ziggurat
17:21 Ziggurat
18:14 Spirit Tower
18:19 Spirit Tower
18:20 Spirit Tower
21:46 Slaughterhouse
21:49 Slaughterhouse
21:53 Sacrificial Pit
22:00 Ziggurat
22:02 Ziggurat
22:53 Spirit Tower
22:56 Spirit Tower
24:16 Halls of the Dead
» items
| Rod of Necromancy | 4 | |
| Circlet of Nobility | 1 | |
| Periapt of Vitality | 1 | |
| Staff of Teleportation | 1 | |
| Scroll of Town Portal | 1 | |
| Scroll of Healing | 1 | |
9 total
TheRedBaron (
blue | 53 APM | 2261 actions | 42:47)
» actions
| Assign group hotkey | 27 | |
| Basic commands | 242 | |
| Build / train | 110 | |
| Enter build submenu | 67 | |
| Remove unit from queue | 3 | |
| Right click | 718 | |
| Select / deselect | 671 | |
| Select group hotkey | 294 | |
| Use ability | 129 | |
2261 total
» units
| Peasant | 34 | |
| Flying Machine | 28 | |
| Goblin Shredder | 1 | |
| Blue Dragon | 4 | |
| Siege Engine | 1 | |
| Gryphon Rider | 6 | |
74 total
» upgrades
| Lumber Harvesting | 2 | |
| Masonry | 3 | |
| Gunpowder | 3 | |
| Flak Cannons | 1 | |
| Plating | 3 | |
| Flying Machine Bombs | 1 | |
| Barrage | 1 | |
| Armor | 3 | |
| Swords | 2 | |
| Storm Hammers | 1 | |
20 total
» buildings
| Farm | 12 | |
| Lumber Mill | 2 | |
| Scout Tower | 79 | |
| Arcane Tower | 1 | |
| Keep | 1 | |
| Town Hall | 3 | |
| Guard Tower | 10 | |
| Blacksmith | 2 | |
| Workshop | 6 | |
| Altar of Kings | 1 | |
| Castle | 1 | |
| Gryphon Aviary | 5 | |
123 total
» build order
00:48 Farm
01:23 Farm
01:58 Farm
02:00 Farm
02:03 Lumber Mill
02:49 Scout Tower
03:29 Arcane Tower
04:47 Keep
04:52 Town Hall
05:49 Scout Tower
05:49 Scout Tower
05:50 Scout Tower
05:51 Scout Tower
05:52 Scout Tower
06:49 Guard Tower
07:37 Blacksmith
09:02 Farm
09:11 Workshop
09:11 Workshop
09:12 Workshop
09:13 Workshop
09:15 Workshop
09:20 Workshop
09:24 Altar of Kings
10:32 Castle
11:21 Scout Tower
12:48 Lumber Mill
12:52 Scout Tower
12:53 Scout Tower
12:54 Scout Tower
12:57 Scout Tower
12:57 Scout Tower
12:58 Scout Tower
12:59 Scout Tower
13:00 Scout Tower
13:00 Scout Tower
13:01 Scout Tower
13:02 Scout Tower
13:03 Scout Tower
13:04 Scout Tower
13:05 Scout Tower
13:05 Scout Tower
13:06 Scout Tower
13:07 Scout Tower
13:08 Scout Tower
13:09 Scout Tower
13:09 Scout Tower
13:10 Scout Tower
13:11 Scout Tower
13:12 Scout Tower
13:12 Scout Tower
13:14 Scout Tower
13:14 Scout Tower
14:12 Farm
14:13 Farm
14:15 Farm
15:27 Scout Tower
15:27 Scout Tower
15:28 Scout Tower
15:28 Scout Tower
15:29 Scout Tower
15:47 Guard Tower
15:49 Guard Tower
17:08 Guard Tower
18:31 Scout Tower
18:32 Scout Tower
18:32 Scout Tower
18:33 Scout Tower
18:34 Scout Tower
18:35 Scout Tower
18:36 Scout Tower
18:36 Scout Tower
18:37 Scout Tower
18:37 Scout Tower
18:38 Scout Tower
18:38 Scout Tower
18:39 Scout Tower
18:39 Scout Tower
18:40 Scout Tower
18:41 Scout Tower
18:42 Scout Tower
18:42 Scout Tower
18:42 Scout Tower
18:44 Scout Tower
18:44 Scout Tower
18:45 Scout Tower
18:47 Scout Tower
18:47 Scout Tower
18:48 Scout Tower
18:48 Scout Tower
18:49 Scout Tower
18:53 Farm
18:54 Farm
18:54 Farm
18:55 Farm
19:48 Guard Tower
21:02 Scout Tower
21:02 Scout Tower
21:03 Scout Tower
21:03 Scout Tower
21:03 Scout Tower
21:07 Scout Tower
21:54 Scout Tower
23:16 Guard Tower
23:17 Guard Tower
23:20 Guard Tower
23:23 Guard Tower
27:15 Gryphon Aviary
27:16 Gryphon Aviary
27:17 Gryphon Aviary
27:17 Gryphon Aviary
27:19 Gryphon Aviary
27:54 Blacksmith
29:10 Town Hall
29:18 Town Hall
29:22 Scout Tower
29:22 Scout Tower
29:22 Scout Tower
29:23 Scout Tower
29:25 Scout Tower
29:26 Scout Tower
29:58 Guard Tower
Chat log
(00:07 / Allies) dontcar9: plan?
(00:16 / Allies) TheRedBaron: Gyros and tanks
(00:19 / Allies) Socrates: I plan on the justification of the Athens and Sparta
(00:21 / All) COLTS-DRAFT-RG3: ur a fool
(00:23 / All) COLTS-DRAFT-RG3: he is athletic
(00:26 / Allies) 1.1.6.: lmao orange
(00:30 / All) TheRedBaron: So what douche
(00:33 / All) COLTS-DRAFT-RG3: athetlicism > consistency
(00:37 / All) TheRedBaron: No it doesn't
(00:41 / All) TheRedBaron: How many titles does Vick have?
(00:48 / All) 1.1.6.: lol
(00:56 / All) TheRedBaron: RG3 can't read defenses
(01:00 / All) TheRedBaron: He isn't a good passer
(01:01 / All) TheRedBaron: Etc
(01:07 / All) 1.1.6.: consistency > athleteicsm
(01:11 / All) COLTS-DRAFT-RG3: mcnab is proof athletic qb's > other ones
(01:16 / All) TheRedBaron: Really
(01:30 / All) TheRedBaron: His white backups always performed better than him
(01:34 / All) TheRedBaron: So it was the team IMO
(01:52 / All) TheRedBaron: Garcia lead them to a playoffs then McNabb took over and laid an egg
(02:05 / All) 1.1.6.: lol
(02:07 / All) COLTS-DRAFT-RG3: fool
(02:16 / All) COLTS-DRAFT-RG3: he carried them to 4 straight nfc title games
(02:22 / All) TheRedBaron: Colts would be retarded to cut Manning
(02:27 / All) TheRedBaron: if they were going to draft RG3
(02:31 / All) TheRedBaron: The team
(02:37 / All) TheRedBaron: Not McNabb
(02:46 / All) 1.1.6.: true
(03:06 / All) COLTS-DRAFT-RG3: why u being his little bitch red
(03:11 / Allies) 1.1.6.: lets get red dots
(03:16 / All) TheRedBaron: I speak plain facts
(04:24 / All) 1.1.6.: lol he does
(05:15 / All) TheRedBaron: purple is great
(05:18 / All) TheRedBaron: purple is the best
(05:40 / All) TheRedBaron: how much do you charge for lessons purple?
(06:19 / Allies) 1.1.6.: wood plz?
(09:39 / Allies) 1.1.6.: soon
(11:44 / Allies) 1.1.6.: nab
(11:46 / Allies) 1.1.6.: man
(12:07 / Allies) 1.1.6.: we fucked
(14:01 / Allies) 1.1.6.: buy dragon
(14:03 / Allies) 1.1.6.: green
(15:52 / All) duracuire: lol
(16:03 / All) Socrates: lol indeed
(16:12 / All) Socrates: ty for free xp
(16:52 / Allies) 1.1.6.: wjere
(16:54 / Allies) 1.1.6.: where?
(17:59 / Allies) 1.1.6.: wow
(18:00 / Allies) 1.1.6.: wtf
(18:02 / Allies) 1.1.6.: is ur army
(18:07 / Allies) Socrates: gargoyles
(19:24 / All) Socrates: It's not over yet
(19:25 / All) Socrates: Don't leave
(19:57 / Allies) 1.1.6.: oj u noob
(20:09 / Allies) 1.1.6.: fighjt
(20:25 / Allies) dontcar9: goddamn
(20:51 / Allies) Socrates: nice dk
(21:18 / All) TheRedBaron: Faggot
(21:19 / All) TheRedBaron: I hate you yellow
(21:51 / Allies) dontcar9: get em
(22:01 / Allies) 1.1.6.: that
(22:04 / Allies) 1.1.6.: was ours to take
(22:06 / Allies) 1.1.6.: but oj fucked it up
(22:10 / Allies) Socrates: lol
(22:19 / Allies) 1.1.6.: lol
(22:22 / Allies) Socrates: I am Socrates. I am why because I know nothing. Do not talk back to me, young one.
(22:41 / Allies) 1.1.6.: sorry this aint history class ;[
(22:44 / Allies) Socrates: If I was the how, I would know everything
(22:50 / Allies) Socrates: You are correct, it is philosophy class
(23:10 / Allies) 1.1.6.: indeed
(23:42 / All) TheRedBaron: I WILL take that expansion yellow
(24:36 / Allies) 1.1.6.: ya ready?
(24:43 / Allies) 1.1.6.: dragon
(25:02 / Allies) dontcar9: lemme
(25:02 / Allies) dontcar9: get
(25:03 / Allies) dontcar9: jesus
(25:04 / Allies) dontcar9: orange
(25:09 / Allies) dontcar9: or not
(25:33 / All) COLTS-DRAFT-RG3: thats the first time we seen ur towers
(26:01 / Allies) 1.1.6.: meet
(26:11 / Allies) TheRedBaron: I got an expansion to claim
(27:01 / All) 1.1.6.: how was that?
(27:10 / All) Socrates: This is some nice double A double V right now
(27:36 / Allies) 1.1.6.: i got healing wards
(29:21 / Allies) dontcar9: wtf
(29:47 / All) dontcar9: wtf
(29:58 / All) Socrates: Ain't nothing but a gangbang, son
(30:20 / All) COLTS-DRAFT-RG3: OUT
(31:07 / Allies) TheRedBaron: gold osn
(31:19 / Allies) TheRedBaron: 5000 gold
(31:24 / Allies) Socrates: use towers on dk
(31:40 / Allies) TheRedBaron: I need 5000 gold
(32:05 / All) COLTS-DRAFT-RG3: u guy ssuck wow
(32:09 / All) dontcar9: na
(32:12 / All) dontcar9: they bs'in me
(32:15 / All) Socrates: Green is a mindless wyrmbot one trick pony
(32:17 / All) Socrates: He sucks cock
(32:17 / All) COLTS-DRAFT-RG3: like i said, u guys suck
(32:18 / All) 1.1.6.: lol.
(32:24 / Allies) Socrates: towers
(32:32 / Allies) dontcar9: lol
(32:33 / Allies) Socrates: Good work
(32:41 / Allies) TheRedBaron: give me some godl son
(32:43 / Allies) dontcar9: k
(32:46 / Allies) dontcar9: time for dinner
(32:48 / Allies) dontcar9: ill just leave this on
(32:49 / Allies) Socrates: cyu
(32:50 / Allies) 1.1.6.: lol.
(32:51 / Allies) Socrates: You lose
(32:55 / Allies) dontcar9: lol nope
(33:01 / Allies) dontcar9: you can kill my buildings lol
(33:02 / Allies) TheRedBaron: lol yup
(33:08 / Allies) dontcar9: ill still be here
(33:26 / Allies) 1.1.6.: blue has ultimate defense
(33:27 / Allies) 1.1.6.: haha
(34:01 / Allies) Socrates: Gj red you moron
(34:03 / Allies) Socrates: Kill yourself
(34:29 / Allies) 1.1.6.: wow blue
(34:31 / Allies) 1.1.6.: come on man
(34:36 / All) TheRedBaron: C'mon man!
(34:38 / Allies) dontcar9: lol
(34:39 / Allies) Socrates: ez pickings now
(34:48 / Allies) dontcar9: red who cares
(34:51 / Allies) Socrates: Thought you left to go masturbate or something, green?
(34:51 / All) 1.1.6.: wow noob team
(34:59 / Allies) dontcar9: na
(35:04 / Allies) dontcar9: to skullfuck your mom
(35:11 / Allies) Socrates: oh, i see
(35:13 / All) 1.1.6.: ya lucky
(35:17 / Allies) dontcar9: luv dat gaggin noise
(35:19 / All) 1.1.6.: i woulda torn ya bitches apart lol....
(35:20 / Allies) Socrates: she's a post-op
(35:22 / Allies) Socrates: she is a man
(35:25 / Allies) dontcar9: she gags like a champ
(35:25 / Allies) Socrates: you like that shit?
(35:37 / Allies) dontcar9: make her squirt like a lil bitch too
(35:48 / Allies) Socrates: You mean him, he's post-op. My mom is male now
(35:51 / Allies) Socrates: I didn
(35:59 / Allies) Socrates: I didn't know you were homosexual too
(36:11 / Allies) dontcar9: damn your mom gags on dick well
(36:24 / Allies) dontcar9: shes a good one
(37:15 / All) TheRedBaron: I wonder how much pink's old expo had when I took it
(37:21 / All) TheRedBaron: I never even checked
(37:43 / All) Socrates: Dial-up clown
(37:44 / All) Socrates: What a Nigerian
(38:28 / All) COLTS-DRAFT-RG3: tee bow to arizona cardinals
(38:30 / All) COLTS-DRAFT-RG3: breaking news
(38:39 / All) TheRedBaron: Why can't he go to the patriots son
(38:53 / All) 1.1.6.: or vikings
(39:09 / All) TheRedBaron: That would rape
(39:16 / All) TheRedBaron: Or Chiefs
(40:01 / All) TheRedBaron: u the one that whined son
(40:04 / All) COLTS-DRAFT-RG3: U
(40:07 / All) COLTS-DRAFT-RG3: whined
(40:10 / All) TheRedBaron: what did I whine
(40:13 / All) TheRedBaron: other than you attacking my tanks son
(40:15 / All) COLTS-DRAFT-RG3: dont question me
(40:32 / All) TheRedBaron: I was hurt and offended that you would try to prevent me taking yellow's expansion
(40:34 / All) COLTS-DRAFT-RG3: one dark ranger cant do any damage to a tank
(40:36 / All) COLTS-DRAFT-RG3: u whined
(40:42 / All) TheRedBaron: bro you do enough damage
(40:45 / All) TheRedBaron: any damage
(40:48 / All) TheRedBaron: cna make all the difference
(40:49 / All) COLTS-DRAFT-RG3: one dark ranger cant do anything
(40:55 / All) TheRedBaron: Alright son
(41:00 / All) COLTS-DRAFT-RG3: im not gonn akill yellow when he smy only ally left
(41:34 / All) COLTS-DRAFT-RG3: end the game whiny brats
(41:39 / All) Socrates: We are
(42:41 / All) Socrates: any last words?
(42:45 / All) COLTS-DRAFT-RG3: bruce lee would rape in the ufc